General information
- name: BNet
- type: Ladder team game (AT/RT)
- host: Battle.net
- saver: M.ata
map: FullScaleAssault
- players: 8
- length: 26:32
- speed: Fast
- version: 1.21 W3XP
- replay type: Public
» download(218 KB)
Players
team 1 (winner)
5k.Grubby (
yellow | 90 APM | 2395 actions | 26:31)
6 Warden
3 Shadow Strike
2 Blink
1 Spirit of Vengeance
» actions
| Assign group hotkey | 11 | |
| Basic commands | 42 | |
| Build / train | 71 | |
| ESC pressed | 1 | |
| Enter build submenu | 20 | |
| Enter hero's abilities submenu | 6 | |
| Remove unit from queue | 1 | |
| Right click | 1608 | |
| Select / deselect | 337 | |
| Select group hotkey | 220 | |
| Use ability | 77 | |
2395 total
» units
» upgrades
| Strength of the Wild | 3 | |
| Ultravision | 1 | |
| Reinforced Hides | 3 | |
| Well Spring | 1 | |
| Corrosive Breath | 1 | |
| Nature's Blessing | 1 | |
10 total
» buildings
| Altar of Elders | 1 | |
| Moon Well | 11 | |
| Tree of Ages | 1 | |
| Ancient of Wonders | 1 | |
| Tree of Eternity | 1 | |
| Hunter's Hall | 1 | |
| Ancient of Wind | 1 | |
| Chimaera Roost | 2 | |
| Tree of Life | 3 | |
22 total
» build order
00:12 Altar of Elders
00:24 Moon Well
00:57 Moon Well
04:39 Tree of Ages
05:00 Moon Well
05:04 Moon Well
05:56 Moon Well
06:00 Moon Well
06:29 Ancient of Wonders
06:53 Moon Well
06:56 Moon Well
08:11 Tree of Eternity
08:13 Hunter's Hall
08:43 Ancient of Wind
10:37 Chimaera Roost
11:04 Chimaera Roost
12:11 Moon Well
12:54 Moon Well
13:42 Moon Well
13:53 Tree of Life
20:08 Tree of Life
22:16 Tree of Life
» items
| Boots of Speed | 1 | |
| Staff of Teleportation | 1 | |
| Orb of Venom | 2 | |
4 total
BeinJonMatheson (
green | 87 APM | 2315 actions | 26:31)
3 Beastmaster
2 Summon Quilbeast
1 Summon Hawk
4 Mountain King
2 Storm Bolt
2 Bash
1 Blood Mage
1 Flame Strike
» actions
| Assign group hotkey | 78 | |
| Basic commands | 1 | |
| Build / train | 128 | |
| ESC pressed | 6 | |
| Enter build submenu | 71 | |
| Enter hero's abilities submenu | 8 | |
| Give item / drop item | 1 | |
| Remove unit from queue | 13 | |
| Right click | 1089 | |
| Select / deselect | 475 | |
| Select group hotkey | 274 | |
| Use ability | 171 | |
2315 total
» units
| Peasant | 11 | |
| Dragonhawk Rider | 5 | |
| Priest | 1 | |
| Sorceress | 1 | |
18 total
» upgrades
| Masonry | 3 | |
| Priest Training | 2 | |
| Sorceress Training | 2 | |
| Magic Sentry | 1 | |
| Lumber Harvesting | 1 | |
| Cloud | 1 | |
10 total
» buildings
| Lumber Mill | 1 | |
| Farm | 6 | |
| Altar of Kings | 1 | |
| Scout Tower | 97 | |
| Guard Tower | 56 | |
| Keep | 1 | |
| Arcane Vault | 1 | |
| Arcane Tower | 1 | |
| Gryphon Aviary | 2 | |
| Arcane Sanctum | 1 | |
| Castle | 1 | |
| Town Hall | 1 | |
169 total
» build order
00:13 Lumber Mill
00:28 Farm
00:42 Altar of Kings
01:23 Scout Tower
01:30 Scout Tower
01:56 Scout Tower
01:58 Guard Tower
01:58 Guard Tower
01:58 Guard Tower
02:01 Guard Tower
02:01 Guard Tower
02:03 Scout Tower
02:10 Scout Tower
02:14 Scout Tower
02:33 Farm
02:38 Guard Tower
02:39 Guard Tower
02:39 Guard Tower
02:40 Guard Tower
02:41 Scout Tower
03:01 Scout Tower
03:03 Scout Tower
03:04 Guard Tower
03:05 Guard Tower
03:07 Scout Tower
03:37 Scout Tower
03:37 Scout Tower
03:38 Guard Tower
03:43 Scout Tower
03:44 Guard Tower
03:44 Guard Tower
03:54 Keep
04:04 Guard Tower
04:04 Guard Tower
04:04 Guard Tower
04:14 Guard Tower
04:19 Scout Tower
04:20 Scout Tower
04:58 Scout Tower
05:00 Scout Tower
05:00 Scout Tower
05:01 Guard Tower
05:05 Scout Tower
05:17 Scout Tower
05:34 Farm
05:34 Farm
05:34 Farm
05:38 Guard Tower
05:40 Scout Tower
05:41 Scout Tower
05:42 Scout Tower
05:48 Arcane Vault
05:55 Arcane Tower
05:56 Guard Tower
06:07 Scout Tower
06:08 Scout Tower
06:09 Scout Tower
06:10 Guard Tower
07:13 Scout Tower
07:14 Scout Tower
07:15 Scout Tower
07:16 Scout Tower
07:18 Scout Tower
07:19 Guard Tower
07:19 Guard Tower
07:22 Guard Tower
07:24 Scout Tower
07:27 Scout Tower
07:28 Scout Tower
07:28 Scout Tower
07:29 Scout Tower
07:33 Gryphon Aviary
07:34 Gryphon Aviary
08:04 Scout Tower
08:05 Scout Tower
08:06 Scout Tower
08:07 Scout Tower
08:46 Guard Tower
08:50 Guard Tower
09:19 Arcane Sanctum
09:28 Guard Tower
09:29 Guard Tower
09:34 Scout Tower
09:34 Scout Tower
09:35 Scout Tower
09:37 Scout Tower
09:41 Scout Tower
09:42 Scout Tower
09:43 Scout Tower
09:44 Guard Tower
09:44 Guard Tower
10:10 Scout Tower
10:12 Scout Tower
10:13 Scout Tower
10:16 Guard Tower
11:42 Scout Tower
11:43 Scout Tower
11:46 Scout Tower
11:46 Scout Tower
11:47 Scout Tower
11:49 Guard Tower
12:25 Scout Tower
12:27 Scout Tower
12:28 Scout Tower
12:28 Scout Tower
12:34 Guard Tower
12:34 Guard Tower
14:02 Castle
14:04 Scout Tower
14:05 Scout Tower
14:05 Scout Tower
14:06 Scout Tower
14:07 Scout Tower
14:08 Scout Tower
14:10 Scout Tower
14:11 Scout Tower
14:13 Scout Tower
14:13 Scout Tower
14:17 Guard Tower
14:17 Guard Tower
15:20 Guard Tower
15:20 Guard Tower
15:22 Scout Tower
15:32 Scout Tower
15:32 Scout Tower
15:33 Scout Tower
15:34 Scout Tower
16:06 Scout Tower
16:07 Scout Tower
16:08 Scout Tower
16:08 Scout Tower
16:10 Scout Tower
16:10 Scout Tower
16:11 Scout Tower
16:11 Scout Tower
16:29 Farm
17:14 Guard Tower
17:15 Guard Tower
17:19 Scout Tower
17:20 Scout Tower
17:22 Scout Tower
17:22 Scout Tower
18:24 Guard Tower
18:24 Guard Tower
22:29 Scout Tower
22:30 Scout Tower
22:31 Scout Tower
22:32 Scout Tower
22:32 Scout Tower
22:47 Guard Tower
22:48 Guard Tower
23:47 Town Hall
25:40 Guard Tower
25:40 Guard Tower
25:48 Scout Tower
25:50 Scout Tower
25:50 Scout Tower
25:51 Scout Tower
25:51 Scout Tower
25:52 Scout Tower
» items
| Scroll of Regeneration | 2 | |
| Potion of Mana | 1 | |
| Lesser Clarity Potion | 1 | |
| Staff of Sanctuary | 2 | |
| Staff of Teleportation | 2 | |
| Orb of Venom | 1 | |
| Boots of Speed | 1 | |
10 total

»
M.ata (
blue | 101 APM | 2681 actions | 26:32)
7 Pandaren Brewmaster
3 Breath of Fire
3 Drunken Brawler
1 Storm Earth and Fire
» actions
| Assign group hotkey | 369 | |
| Basic commands | 8 | |
| Build / train | 75 | |
| Enter build submenu | 19 | |
| Enter hero's abilities submenu | 7 | |
| Remove unit from queue | 1 | |
| Right click | 1757 | |
| Select / deselect | 266 | |
| Select group hotkey | 4 | |
| Use ability | 173 | |
2681 total
» units
» upgrades
| Nature's Blessing | 1 | |
| Well Spring | 1 | |
| Ultravision | 1 | |
3 total
» buildings
| Altar of Elders | 2 | |
| Moon Well | 10 | |
| Tree of Ages | 2 | |
| Tree of Life | 2 | |
| Arcane Tower | 1 | |
| Ancient of Wonders | 2 | |
| Tree of Eternity | 2 | |
| Hunter's Hall | 1 | |
22 total
» build order
00:05 Altar of Elders
00:32 Moon Well
01:38 Moon Well
03:46 Altar of Elders
04:42 Moon Well
05:01 Tree of Ages
05:50 Moon Well
06:38 Tree of Life
08:36 Arcane Tower
15:00 Tree of Life
15:05 Ancient of Wonders
15:06 Moon Well
15:06 Moon Well
15:08 Moon Well
15:08 Moon Well
15:09 Moon Well
15:10 Moon Well
16:14 Tree of Eternity
18:05 Ancient of Wonders
20:18 Hunter's Hall
21:05 Tree of Ages
» items
| Potion of Healing | 8 | |
| Potion of Mana | 3 | |
| Ivory Tower | 2 | |
| Lesser Clarity Potion | 3 | |
| Boots of Speed | 1 | |
| Staff of Teleportation | 1 | |
| Scroll of Regeneration | 1 | |
| Orb of Venom | 1 | |
| Periapt of Vitality | 1 | |
| Circlet of Nobility | 1 | |
22 total
nutsonyochin.de (
teal | 78 APM | 2070 actions | 26:31)
4 Pandaren Brewmaster
2 Breath of Fire
2 Drunken Brawler
» actions
| Assign group hotkey | 1 | |
| Basic commands | 18 | |
| Build / train | 132 | |
| ESC pressed | 7 | |
| Enter build submenu | 97 | |
| Enter hero's abilities submenu | 4 | |
| Give item / drop item | 1 | |
| Right click | 1016 | |
| Select / deselect | 308 | |
| Select group hotkey | 213 | |
| Use ability | 273 | |
2070 total
» units
» upgrades
| Masonry | 3 | |
| Lumber Harvesting | 2 | |
| Magic Sentry | 1 | |
6 total
» buildings
| Lumber Mill | 3 | |
| Altar of Kings | 1 | |
| Farm | 3 | |
| Scout Tower | 177 | |
| Arcane Tower | 3 | |
| Guard Tower | 77 | |
| Arcane Vault | 1 | |
| Keep | 1 | |
| Blacksmith | 1 | |
| Arcane Sanctum | 1 | |
| Castle | 1 | |
| Town Hall | 1 | |
| Gryphon Aviary | 2 | |
272 total
» build order
00:16 Lumber Mill
00:40 Altar of Kings
00:47 Farm
01:17 Scout Tower
01:22 Scout Tower
01:37 Scout Tower
01:40 Scout Tower
01:45 Arcane Tower
01:49 Arcane Tower
02:11 Scout Tower
02:13 Guard Tower
02:18 Guard Tower
02:23 Scout Tower
02:40 Guard Tower
02:41 Scout Tower
02:50 Guard Tower
03:16 Guard Tower
03:17 Scout Tower
03:39 Scout Tower
03:41 Scout Tower
03:45 Scout Tower
03:47 Guard Tower
03:57 Farm
04:25 Guard Tower
04:27 Guard Tower
04:28 Scout Tower
04:29 Scout Tower
04:32 Arcane Vault
04:36 Lumber Mill
04:40 Scout Tower
04:48 Scout Tower
04:50 Guard Tower
04:56 Keep
05:07 Guard Tower
05:13 Guard Tower
05:15 Scout Tower
05:17 Scout Tower
05:18 Scout Tower
05:21 Scout Tower
05:24 Guard Tower
05:27 Blacksmith
05:39 Scout Tower
05:40 Scout Tower
05:43 Guard Tower
05:49 Guard Tower
06:00 Scout Tower
06:00 Scout Tower
06:01 Scout Tower
06:02 Scout Tower
06:03 Scout Tower
06:03 Scout Tower
06:04 Scout Tower
06:05 Scout Tower
06:11 Scout Tower
06:12 Scout Tower
06:13 Scout Tower
06:14 Scout Tower
06:15 Guard Tower
06:34 Guard Tower
06:37 Scout Tower
06:38 Scout Tower
06:43 Scout Tower
06:45 Scout Tower
06:46 Scout Tower
06:48 Guard Tower
06:54 Guard Tower
07:17 Guard Tower
07:20 Guard Tower
07:47 Scout Tower
07:48 Scout Tower
07:49 Scout Tower
07:50 Scout Tower
07:50 Scout Tower
07:51 Scout Tower
08:20 Guard Tower
08:42 Guard Tower
09:09 Guard Tower
09:17 Guard Tower
09:33 Scout Tower
09:38 Scout Tower
09:39 Scout Tower
09:41 Scout Tower
09:43 Scout Tower
09:44 Scout Tower
09:46 Scout Tower
09:47 Scout Tower
09:47 Scout Tower
10:00 Scout Tower
10:11 Guard Tower
10:23 Guard Tower
10:28 Scout Tower
10:28 Scout Tower
10:29 Scout Tower
10:30 Scout Tower
10:33 Guard Tower
10:40 Guard Tower
10:54 Guard Tower
11:14 Guard Tower
11:17 Guard Tower
11:20 Scout Tower
11:21 Scout Tower
11:22 Scout Tower
11:22 Scout Tower
11:24 Guard Tower
11:52 Guard Tower
11:59 Farm
12:02 Scout Tower
12:03 Scout Tower
12:04 Scout Tower
12:05 Scout Tower
12:05 Scout Tower
12:06 Scout Tower
12:07 Scout Tower
12:08 Scout Tower
12:09 Scout Tower
12:09 Scout Tower
12:10 Scout Tower
12:11 Scout Tower
12:13 Scout Tower
12:14 Scout Tower
12:15 Scout Tower
12:15 Scout Tower
12:18 Scout Tower
12:18 Scout Tower
12:25 Guard Tower
12:27 Scout Tower
12:28 Scout Tower
12:34 Scout Tower
12:38 Scout Tower
12:39 Scout Tower
12:39 Scout Tower
12:41 Scout Tower
12:44 Guard Tower
12:50 Arcane Sanctum
12:53 Castle
13:01 Guard Tower
13:07 Guard Tower
13:12 Scout Tower
13:13 Scout Tower
13:14 Guard Tower
13:30 Guard Tower
13:39 Guard Tower
13:56 Guard Tower
13:58 Guard Tower
14:00 Guard Tower
14:03 Scout Tower
14:04 Scout Tower
14:06 Scout Tower
14:06 Scout Tower
14:09 Guard Tower
14:14 Guard Tower
14:43 Scout Tower
14:43 Scout Tower
14:44 Scout Tower
14:45 Scout Tower
14:47 Guard Tower
14:52 Guard Tower
15:21 Guard Tower
15:50 Town Hall
16:02 Guard Tower
16:18 Guard Tower
16:23 Scout Tower
16:24 Scout Tower
16:30 Scout Tower
16:31 Scout Tower
16:32 Scout Tower
16:42 Scout Tower
16:43 Scout Tower
16:44 Scout Tower
16:44 Scout Tower
17:02 Arcane Tower
17:12 Guard Tower
17:42 Guard Tower
17:47 Guard Tower
17:50 Scout Tower
17:51 Scout Tower
17:52 Scout Tower
17:52 Scout Tower
17:53 Scout Tower
17:53 Scout Tower
18:25 Guard Tower
18:32 Guard Tower
18:58 Guard Tower
19:09 Scout Tower
19:11 Scout Tower
19:12 Scout Tower
19:13 Scout Tower
19:14 Scout Tower
19:16 Scout Tower
19:16 Scout Tower
19:17 Scout Tower
19:18 Scout Tower
19:19 Scout Tower
19:21 Guard Tower
19:35 Scout Tower
19:35 Scout Tower
19:36 Scout Tower
19:36 Scout Tower
19:38 Scout Tower
19:41 Scout Tower
19:42 Scout Tower
19:42 Scout Tower
19:43 Scout Tower
19:44 Scout Tower
19:49 Guard Tower
20:41 Guard Tower
20:46 Guard Tower
20:59 Gryphon Aviary
20:59 Gryphon Aviary
21:25 Guard Tower
21:32 Scout Tower
21:33 Scout Tower
21:35 Scout Tower
21:36 Scout Tower
21:37 Scout Tower
21:39 Scout Tower
21:40 Scout Tower
21:41 Scout Tower
21:42 Scout Tower
21:45 Guard Tower
22:00 Scout Tower
22:00 Scout Tower
22:01 Scout Tower
22:01 Scout Tower
22:02 Scout Tower
22:03 Scout Tower
22:04 Scout Tower
22:06 Scout Tower
22:07 Scout Tower
22:08 Scout Tower
22:09 Scout Tower
22:10 Scout Tower
22:11 Scout Tower
22:16 Scout Tower
22:17 Scout Tower
22:19 Scout Tower
22:20 Scout Tower
22:20 Scout Tower
22:21 Scout Tower
22:28 Guard Tower
22:39 Guard Tower
22:47 Guard Tower
22:58 Guard Tower
23:50 Guard Tower
24:01 Scout Tower
24:02 Scout Tower
24:03 Scout Tower
24:03 Scout Tower
24:04 Scout Tower
24:05 Scout Tower
24:09 Scout Tower
24:10 Scout Tower
24:11 Scout Tower
24:12 Scout Tower
24:13 Scout Tower
24:19 Guard Tower
24:26 Guard Tower
24:58 Guard Tower
25:08 Guard Tower
25:12 Guard Tower
25:39 Guard Tower
25:42 Scout Tower
25:43 Scout Tower
25:44 Scout Tower
25:44 Scout Tower
25:45 Scout Tower
25:46 Scout Tower
25:48 Guard Tower
25:54 Guard Tower
26:23 Guard Tower
26:29 Lumber Mill
26:31 Guard Tower
» items
| Staff of Teleportation | 1 | |
| Boots of Speed | 1 | |
| Ivory Tower | 1 | |
| Scroll of Regeneration | 2 | |
| Potion of Healing | 2 | |
| Lesser Clarity Potion | 1 | |
8 total
team 2 (loser)

»
DMeise (
red | 35 APM | 921 actions | 26:06)
2 Far Seer
1 Feral Spirit
1 Chain Lighting
1 Shadow Hunter
1 Serpent Ward
» actions
| Assign group hotkey | 2 | |
| Basic commands | 33 | |
| Build / train | 50 | |
| Enter build submenu | 17 | |
| Enter hero's abilities submenu | 3 | |
| Right click | 367 | |
| Select / deselect | 364 | |
| Select group hotkey | 3 | |
| Use ability | 82 | |
921 total
» units
» upgrades
| Spiked Barricades | 1 | |
| Ranged Weapons | 3 | |
| Burning Oil | 1 | |
5 total
» buildings
| Altar of Storms | 1 | |
| Orc Burrow | 6 | |
| Barracks | 2 | |
| Voodoo Lounge | 1 | |
| War Mill | 1 | |
| Stronghold | 1 | |
| Watch Tower | 4 | |
| Fortress | 1 | |
17 total
» build order
00:20 Altar of Storms
00:32 Orc Burrow
01:31 Barracks
01:49 Orc Burrow
02:20 Barracks
02:29 Orc Burrow
03:04 Voodoo Lounge
03:53 War Mill
04:31 Stronghold
05:31 Watch Tower
05:41 Watch Tower
05:58 Orc Burrow
06:47 Orc Burrow
11:06 Fortress
18:52 Watch Tower
19:57 Watch Tower
23:17 Orc Burrow
» items

»
FMeise (
purple | 50 APM | 1313 actions | 26:30)
1 Death Knight
1 Unholy Aura
» actions
| Assign group hotkey | 17 | |
| Basic commands | 76 | |
| Build / train | 59 | |
| ESC pressed | 2 | |
| Enter build submenu | 18 | |
| Enter hero's abilities submenu | 2 | |
| Right click | 679 | |
| Select / deselect | 319 | |
| Select group hotkey | 82 | |
| Use ability | 59 | |
1313 total
» units
| Acolyte | 5 | |
| Ghoul | 4 | |
| Crypt Fiend | 21 | |
| Abomination | 15 | |
45 total
» upgrades
| Creature Attack | 2 | |
| Creature Carapace | 2 | |
| Disease Cloud | 1 | |
| Unholy Strength | 1 | |
| Web | 1 | |
| Unholy Armor | 1 | |
8 total
» buildings
| Crypt | 1 | |
| Ziggurat | 9 | |
| Altar of Darkness | 1 | |
| Graveyard | 1 | |
| Spirit Tower | 1 | |
| Nerubian Tower | 1 | |
| Halls of the Dead | 1 | |
| Slaughterhouse | 2 | |
| Black Citadel | 1 | |
18 total
» build order
00:17 Crypt
00:22 Ziggurat
00:52 Altar of Darkness
01:25 Ziggurat
02:04 Graveyard
02:22 Ziggurat
03:37 Spirit Tower
03:46 Nerubian Tower
05:46 Ziggurat
06:28 Halls of the Dead
09:16 Slaughterhouse
09:23 Ziggurat
11:19 Black Citadel
14:25 Slaughterhouse
15:55 Ziggurat
17:23 Ziggurat
21:26 Ziggurat
22:19 Ziggurat

»
JMeise (
orange | 32 APM | 857 actions | 26:27)
2 Archmage
1 Summon Water Elemental
1 Brilliance Aura
» actions
| Assign group hotkey | 20 | |
| Basic commands | 45 | |
| Build / train | 74 | |
| Enter build submenu | 19 | |
| Enter hero's abilities submenu | 2 | |
| Remove unit from queue | 1 | |
| Right click | 303 | |
| Select / deselect | 298 | |
| Select group hotkey | 54 | |
| Use ability | 41 | |
857 total
» units
| Peasant | 9 | |
| Footman | 29 | |
| Rifleman | 10 | |
| Mortar Team | 7 | |
| Siege Engine | 6 | |
| Priest | 2 | |
63 total
» upgrades
| Defend | 1 | |
| Swords | 1 | |
| Long Rifles | 1 | |
| Barrage | 1 | |
| Lumber Harvesting | 1 | |
5 total
» buildings
| Altar of Kings | 1 | |
| Farm | 10 | |
| Barracks | 2 | |
| Lumber Mill | 2 | |
| Blacksmith | 1 | |
| Keep | 1 | |
| Workshop | 2 | |
| Arcane Vault | 1 | |
| Castle | 1 | |
| Arcane Sanctum | 1 | |
22 total
» build order
00:15 Altar of Kings
00:27 Farm
00:28 Farm
00:49 Barracks
01:36 Lumber Mill
02:07 Lumber Mill
02:35 Farm
02:36 Farm
03:46 Barracks
04:06 Blacksmith
04:42 Farm
04:43 Farm
08:32 Keep
13:50 Workshop
13:59 Arcane Vault
16:07 Farm
16:07 Farm
16:47 Castle
21:51 Workshop
22:28 Arcane Sanctum
23:27 Farm
23:29 Farm

»
Lycantrop. (
pink | 63 APM | 1676 actions | 26:25)
4 Keeper of the Grove
2 Entangling Roots
2 Thorns Aura
1 Death Knight
1 Death Coil
2 Priestess of the Moon
1 Searing Arrows
1 Trueshot Aura
» actions
| Assign group hotkey | 36 | |
| Basic commands | 34 | |
| Build / train | 62 | |
| Enter build submenu | 14 | |
| Enter hero's abilities submenu | 7 | |
| Right click | 666 | |
| Select / deselect | 225 | |
| Select group hotkey | 581 | |
| Use ability | 51 | |
1676 total
» units
| Wisp | 17 | |
| Archer | 2 | |
| Huntress | 3 | |
| Glaive Thrower | 22 | |
| Chimaera | 6 | |
50 total
» upgrades
» buildings
| Altar of Elders | 1 | |
| Moon Well | 12 | |
| Ancient of War | 2 | |
| Hunter's Hall | 1 | |
| Tree of Ages | 1 | |
| Ancient of Wind | 1 | |
| Tree of Eternity | 1 | |
| Chimaera Roost | 2 | |
21 total
» build order
00:09 Altar of Elders
00:23 Moon Well
00:58 Ancient of War
01:55 Moon Well
02:09 Hunter's Hall
03:57 Tree of Ages
05:31 Moon Well
05:33 Moon Well
05:34 Moon Well
08:46 Ancient of Wind
08:48 Tree of Eternity
11:17 Chimaera Roost
11:19 Chimaera Roost
14:46 Ancient of War
15:23 Moon Well
19:32 Moon Well
19:34 Moon Well
19:35 Moon Well
19:36 Moon Well
19:36 Moon Well
19:37 Moon Well
Chat log
(00:30 / Allies) 5k.Grubby: or a quick loss
(00:48 / Allies) BeinJonMatheson: wisp the tav
(00:48 / Allies) BeinJonMatheson: ya
(02:22 / Allies) 5k.Grubby: i know nig
(02:45 / Allies) BeinJonMatheson: lum
(06:26 / Allies) 5k.Grubby: gonna eat through
(11:09 / Allies) 5k.Grubby: i got chims training
(12:06 / Allies) 5k.Grubby: traingin
(12:46 / Allies) 5k.Grubby: try to refrain
(12:48 / Allies) 5k.Grubby: from lickin my balls
(13:02 / Allies) 5k.Grubby: im pumpgin ghcim
(13:07 / Allies) 5k.Grubby: i did
(13:10 / Allies) 5k.Grubby: oit died
(14:20 / Allies) 5k.Grubby: last hit
(22:34 / Allies) 5k.Grubby: fucin
(26:01 / All) DMeise: neu
(26:08 / All) M.ata: GG
(26:14 / All) JMeise: gg
(26:17 / All) 5k.Grubby: gg
(26:20 / All) nutsonyochin.de: quitter???